 Dungeon Crawl Stone Soup version 0.27.0-1-g7a089689b8 (webtiles) character file.

Game seed: 12477283420049710724

72 freelancePsychic the Chopper (level 4, -3/39 HPs)
             Began as a Hill Orc Abyssal Knight on Aug 1, 2021.
             Was a Believer of Lugonu.
             Killed from afar by a steam dragon (21 damage)
             ... with a ball of steam
             ... on level 3 of the Dungeon.
             The game lasted 00:03:19 (2417 turns).

freelancePsychic the Chopper (HOAK)                 Turns: 2417, Time: 00:03:19

Health: -3/39      AC:  6    Str: 15    XL:     4   Next: 26%
Magic:  6/6        EV: 10    Int: 12    God:    Lugonu [**....]
Gold:   72         SH:  0    Dex: 10    Spells: 3/3 levels left

rFire    . . .     SeeInvis .   a - +2 hand axe
rCold    . . .     Faith    .   (no shield)
rNeg     . . .     Spirit   .   c - +0 ring mail
rPois    .         Reflect  .   (no helmet)
rElec    .         Harm     .   (no cloak)
rCorr    .         Rampage  .   h - +0 pair of gloves
Will     .....                  (no boots)
Stlth    ..........             (no amulet)
HPRegen  0.13/turn              (no ring)
MPRegen  0.10/turn              (no ring)

@: no status effects
A: no striking features
a: Renounce Religion, Depart the Abyss, Bend Space


You were on level 3 of the Dungeon.
You worshipped Lugonu.
Lugonu was pleased with you.
You visited 1 branch of the dungeon, and saw 3 of its levels.
You visited the Abyss 1 time.

You collected 72 gold pieces.

Inventory:

Hand Weapons
 a - a +2 hand axe (weapon)
Armour
 b - a +0 leather armour
 c - a +0 ring mail (worn)
 h - a +0 pair of gloves (worn)
Scrolls
 e - a scroll of fog
 f - 2 scrolls of identify {@r1}
 g - a scroll of amnesia {unknown}
 i - 3 scrolls of magic mapping {unknown}


   Skills:
 - Level 3.6 Fighting
 * Level 5.4 Axes
 - Level 2.1 Armour
 - Level 0.7 Dodging
 + Level 3.2 Invocations


You had 3 spell levels left.
You didn't know any spells.
Your spell library contained the following spells:

 Spells                   Type           Power      Damage    Failure   Level
 Fireball                 Conj/Fire      0%         3d3       100%        5
 Starburst                Conj/Fire      0%         8x6d3     100%        6
 Ignition                 Fire           0%         3d3       100%        8


Dungeon Overview and Level Annotations

Branches:
Dungeon (3/15)

Altars:
Makhleb

Shops:
D:1 !


Message History

No target in view!
No target in view!
No target in view!
No target in view!
No target in view!
No target in view!
No target in view!
You see here an adder corpse.
Found a scroll labelled QIJ TENOTOI.
A steam dragon comes into view.
The steam dragon hisses angrily.
The steam dragon breathes steam at you. The ball of steam hits you!!
Ouch! That really hurt!
The steam dragon moves out of view.
You are engulfed in a cloud of scalding steam.
* * * LOW HITPOINT WARNING * * *
As you read the scroll of teleportation {@r4}, it crumbles to dust.
You feel strangely unstable.
As you read the scroll of fog, it crumbles to dust.
The scroll dissolves into smoke.
You see here an adder corpse.
Your surroundings suddenly seem different.
There is a stone staircase leading up here.
You climb upwards.
There is a stone staircase leading down here.
You start resting.
HP restored.
You climb downwards.
There is a stone staircase leading up here.
The steam dragon hisses angrily.
A steam dragon is nearby!
The steam dragon breathes steam at you. The ball of steam hits you!!
Ouch! That really hurt!
There is a stone staircase leading up here.
The steam dragon breathes steam at you. The ball of steam hits you!!
Ouch! That really hurt!
You die...

######## #......#
#########
#.####.######.......#
#.##........#.#####.##
#.##.#.####.#.##..D..#
#......#
#.@§§..##..####
####.###
###.###.......# #.#
#.###.#..##.# #.#
#........##§# #.#
#####.##.##.# #.#
#.##.##.## #.# .
#........#### #.#
....##...>)..D#... #.#
................÷..


There were no monsters in sight!

Vanquished Creatures
  3 adders
  3 dart slugs
  4 ball pythons
  3 bats (D:1)
  4 endoplasms
  A giant cockroach (D:1)
  3 hobgoblins
  A quokka (D:1)
  2 frilled lizards
  5 goblins
  7 kobolds
  2 rats
38 creatures vanquished.

Notes
Turn   | Place    | Note
-------+----------+-------------------------------------------
     0 | Abyss:1  | freelancePsychic the Hill Orc Abyssal Knight began the
                  | quest for the Orb.
     0 | Abyss:1  | Reached XP level 1. HP: 19/19 MP: 2/2
     8 | D:1      | Escaped the Abyss
    35 | D:1      | Reached skill level 3 in Axes
   211 | D:1      | Reached XP level 2. HP: 24/26 MP: 3/3
   302 | D:1      | Found Dauphyrch's Distillery.
   387 | D:1      | Reached skill level 4 in Axes
   780 | D:1      | Reached XP level 3. HP: 31/31 MP: 4/4
   911 | D:1      | Reached ** piety under Lugonu
  1262 | D:2      | Found a burning altar of Makhleb.
  1495 | D:2      | Found a faded altar of an unknown god.
  1579 | D:2      | Reached skill level 5 in Axes
  1643 | D:2      | Reached XP level 4. HP: 38/39 MP: 6/6
  2146 | D:3      | Noticed a steam dragon
  2417 | D:3      | Killed from afar by a steam dragon

Illustrated notes

Levels and vault maps discovered:
D:1:      dpeg_arrival_court, layout_loops_ring, serial_shops,
          nicolae_shop_behind_doors
D:2:      layout_basic, basic_altar, dreamdust_ecumenical_altar_statues
D:3:      layout_loops_cross, serial_shops, nicolae_shop_waterfront,
          minmay_vboxes

Skill      XL: |  1  2  3 |
---------------+----------+-----
Axes           | 3 4 5 |  5.4
Invocations    | 3 |  3.2
Fighting       | |  3.6
Armour         | |  2.1
Dodging        | |  0.7

Action                   |  1- 3 |  4- 6 || total
-------------------------+-------+-------++-------
Melee: Hand axe          |   108 |     8 ||   116
  Use: Scroll            |     2 |     3 ||     5
Armor: Ring mail         |    53 |     5 ||    58
       Leather armour    |     3 |       ||     3
Dodge: Dodged            |    55 |     2 ||    57
